 Dungeon Sprint DCSS version 0.32-a0 (webtiles) character file.

Game seed: 6700388309399775385

713 Conn the Arsonist (level 7, -1/91 HPs)
             Began as an Octopode Fire Elementalist on Jan 13, 2024.
             Was a Follower of Sif Muna.
             Shot with a bolt by a yaktaur (11 damage)
             ... in the Dungeon (Sprint II: "The Violet Keep of Menkaure").
             The game lasted 00:12:56 (387 turns).

Conn the Arsonist (Octopode Fire Elementalist)       Turns: 387, Time: 00:12:59

Health: -1/91      AC: 23    Str:  8    XL:     7   Next: 69%
Magic:  16/16      EV:  2    Int: 19    God:    Sif Muna [*.....]
Gold:   473        SH:  6    Dex: 12    Spells: 5/19 levels left

rFire   . . .        x - +4 spear
rCold   + . .        v - +1 buckler
rNeg    . . .        (helmet currently unavailable)
rPois   +            j - amulet of faith
rElec   .            d - ring of see invisible
rCorr   .            s - ring of protection from cold
SInv    +            k - ring of poison resistance
Will    +....        (no ring) Stlth
                     (no ring)
HPRegen 0.35/turn    (no ring)
MPRegen 0.15/turn    (no ring)
                     (no ring)

%: no teleportation, faith
@: berserking, tree-form, silenced, enlightened, quick
A: stationary, stasis, torment immunity, boosted hp, almost no armour,
(amphibious), 8 rings, (camouflage 1), (gelatinous body 1), (nimble swimmer 1),
(tentacles)
a: Renounce Religion


You were in the Dungeon.
You worshipped Sif Muna.
Sif Muna was aware of your devotion.
You were a tree.
You visited 1 branch You collected 473 gold pieces.

Inventory:

Hand Weapons
 x - a +4 spear (weapon)
Missiles
 w - 4 poisoned darts
Armour
 e - a +2 tower shield
 v - a +1 buckler (worn)
Jewellery
 d - a ring of see invisible (left branch)
 j - an amulet of faith (around neck)
 k - a ring of poison resistance (on tentacle)
 s - a ring of protection from cold (right branch)
Scrolls
 f - a scroll of immolation
 i - a scroll of vulnerability
 o - a scroll of fog
Potions
 a - 5 potions of magic
 m - 3 potions of resistance
 r - a potion of enlightenment


   Skills:
 + Level 5.5 Dodging
 - Level 5.2 Stealth
 * Level 3.8 Shields
 - Level 2.2 Unarmed Combat
 + Level 6.6 Spellcasting
 * Level 5.8 Conjurations
 + Level 2.7 Hexes
 + Level 9.4 Fire Magic
 * Level 3.9 Earth Magic
 * Level 4.3 Invocations


You had 5 spell levels left.
You knew the following spells:

 Your Spells              Type           Power      Damage    Failure   Level
a - Foxfire               Conj/Fire      100%       2x1d9     1%          1
b - Scorch                Fire           84%        2d8       1%          2
c - Inner Flame           Hex/Fire       29%        N/A       3%          3
d - Flame Wave            Conj/Fire      35%        2d10      7%          4
e - Brom's Barrelling Bo  Conj/Erth      24%        2d5       22%         4

Your spell library contained the following spells:

 Spells                   Type           Power      Damage    Failure   Level
 Volatile Blastmotes      Fire/Tloc      48%        2d14      7%          3
 Necrotise                Necr           24%        1d5       16%         1
 Frozen Ramparts          Ice            12%        1d2       43%         3
 Vampiric Draining        Necr           6%         2d6       43%         3
 Martyr's Knell           Necr/Summ      6%         N/A       85%         4
 Curse of Agony           Necr           6%         N/A       99%         5
 Bombard                  Conj/Erth      12%        9d3       97%         6


Dungeon Overview and Level Annotations

Branches:
Dungeon (1/1)

Altars:
Cheibriados
Dithmenos
Elyvilon
Fedhas
Gozag
Hepliaklqana
Kikubaaqudgha
Makhleb
Nemelex Xobeh
Okawaru
Qazlal
Ru
Sif Muna
Trog
Uskayaw
Vehumet
Wu Jian
Xom
Yredelemnul
Zin
The Shining One
Jiyva
Lugonu

Annotations:
D Sonja


Innate Abilities, Weirdness & Mutations

You are a tree.
Your roots penetrate the ground, keeping you stationary.
You cannot be teleported.
You are immune to unholy pain and torment.
Your maximum health is greatly increased.
You cannot wear most types of armour.
((You are amphibious.))
You can wear up to eight rings at the same time.
((Your skin changes colour to match your surroundings (Stealth+).))
((Your rubbery body absorbs attacks. (AC +1, EV +1)))
((You are camouflaged when in or above water. (Stealth+)))
((You have tentacles for arms and can constrict up to eight enemies at once.))


Message History

An open door.
This square is shrouded in silence.
There is a cloud of grey smoke here.
You cannot cast spells when silenced!
Okay, then.
Magic scrolls do not work when you're silenced!
Okay, then.
Unknown command.
There is an open door here.
You enter the shallow water.
You close the door.
Okay, then.
Unknown command.
It was a potion of lignification.
You turn into a tree.
Your roots penetrate the ground.
Okay, then.
Okay, then.
Magic scrolls do not work when you're silenced!
Okay, then.
Okay, then.
Unknown command.
Your roots keep you in place.
Okay, then.
Unknown command.
Magic courses through your body.
You cannot cast spells when silenced!
A red film seems to cover your vision as you go berserk!
You feel yourself moving faster!
You feel mighty!
A yaktaur opens the door.
Press: ? - help, v - describe, . - travel, g - get item
Here: a yaktaur, wielding a +0 arbalest (silenced) Item here: a crocodile corpse.
Some shallow water.
Unknown command.
Reach: x) +4 spear
Press: ? - help, Dir - move target, f - yaktaur
Aim: a yaktaur, wielding a +0 arbalest (silenced, about 16% to evade your +4 spear)
You reach to attack!
You puncture the yaktaur!
The yaktaur is moderately wounded.
The yaktaur shoots a bolt.
The bolt hits you!
You die...

#,,*...####▓.[..[...▓▓.$$▓.*,+~,,
##**#..#*,#▓.[(.)...▓▓.G.▓^*,+~,,
.#,,+..#,,#▓........▓▓..Y▓.*,+~,,
.#,,#.^#,,#▓.=......▓▓.⌠q▓.*,*~,,
.####..##.#▓...[[..)▓▓.K.▓.*,*~,,
...###...##▓▓▓▓▓▓▓'▓▓▓▓+▓▓.***~,,
....§~~~~~~~†~†c†~...≈≈≈▓§§,,,,,,
.....~#'########'###.≈≈≈▓!G,,,,,*
~~~..~#._._._.h#♣§~##≈≈≈▓$§,,,,**
§~~~§~#.._._._.#§§§≈####▓▓▓**~**
≈~~§~~#._._._._#§§§§§##$$#$,*~*
§≈≈~~~#_._._._.#~§§§≈§#$T#$,*~*
§≈≈§≈~#._._._..#~§§~~≈+,,+,,*~*
≈###§≈#_._._...#~§~~§§#,,*,,*~*
~*,#§≈#._._....#~§≈≈≈≈▓,,*,,*~*
~*+#§≈#_._.....#~≈§≈▓▓▓******~*
~~~§§§##########§≈~~*,,,~~~~~~*


You could see a polar bear (unsilenced) and a yaktaur.

Vanquished Creatures
  A hornet (D)
  4 crocodiles (D)
  4 necrophages (D)
9 creatures vanquished.

Vanquished Creatures (others)
  9 foxfires (D)
  8 tentacles (D)
17 creatures vanquished.

Grand Total: 26 creatures vanquished

Notes
Turn   | Place    | Note
-------+----------+-------------------------------------------
     0 | D        | Conn the Octopode Fire Elementalist began the quest for the
                  | Orb.
     0 | D        | Reached XP level 1. HP: 11/11 MP: 3/3
     2 | D        | Noticed a wyvern
     2 | D        | Noticed a wyvern
     5 | D        | Noticed a necrophage
     5 | D        | Noticed a necrophage
     5 | D        | Noticed a necrophage
     5 | D        | Noticed a necrophage
    12 | D        | Killed a necrophage
    13 | D        | Reached skill level 6 in Fire Magic
    13 | D        | Reached XP level 2. HP: 17/17 MP: 1/6
    13 | D        | Reached XP level 3. HP: 21/21 MP: 1/7
    17 | D        | Killed a necrophage
    18 | D        | Reached skill level 1 in Unarmed Combat
    18 | D        | Reached skill level 7 in Fire Magic
    18 | D        | Reached XP level 4. HP: 27/27 MP: 1/10
    21 | D        | Killed a necrophage
    22 | D        | Reached skill level 5 in Spellcasting
    22 | D        | Reached skill level 8 in Fire Magic
    22 | D        | Reached XP level 5. HP: 31/31 MP: 1/12
    31 | D        | Reached skill level 5 in Stealth
    31 | D        | Reached XP level 6. HP: 12/36 MP: 2/14
    37 | D        | Learned a level 2 spell: Scorch
    41 | D        | Learned a level 3 spell: Inner Flame
    46 | D        | Learned a level 4 spell: Flame Wave
    55 | D        | Found a glowing silver altar of Zin.
    56 | D        | Found a glowing golden altar of the Shining One.
    56 | D        | Found a basalt altar of Yredelemnul.
    56 | D        | Found a hide-covered altar of Uskayaw.
    57 | D        | Found a shimmering altar of Xom.
    57 | D        | Found a bloodstained altar of Trog.
    58 | D        | Found an ornate altar of the Wu Jian Council.
    58 | D        | Found a shimmering blue altar of Sif Muna.
    58 | D        | Found a corrupted altar of Lugonu.
    58 | D        | Found a radiant altar of Vehumet.
    58 | D        | Found a burning altar of Makhleb.
    59 | D        | Found a sacrificial altar of Ru.
    59 | D        | Found an ancient bone altar of Kikubaaqudgha.
    59 | D        | Found a white marble altar of Elyvilon.
    60 | D        | Found a stormy altar of Qazlal.
    60 | D        | Found a viscous altar of Jiyva.
    60 | D        | Found a shadowy altar of Dithmenos.
    61 | D        | Found a hazy altar of Hepliaklqana.
    61 | D        | Found a snail-covered altar of Cheibriados.
    63 | D        | Found a sparkling altar of Nemelex Xobeh.
    63 | D        | Found a blossoming altar of Fedhas.
    64 | D        | Found an opulent altar of Gozag.
    64 | D        | Found an iron altar of Okawaru.
    67 | D        | Became a worshipper of Sif Muna the Loreminder
    78 | D        | Noticed a kraken
    88 | D        | Got Udgheodoq's Compendium of Heavy Cryomancy
   240 | D        | Learned a level 4 spell: Brom's Barrelling Boulder
   253 | D        | Noticed a glowing orange brain
   253 | D        | Noticed a hellephant
   253 | D        | Noticed a purple draconian shifter
   253 | D        | Noticed Sonja
   253 | D        | Noticed an eye of devastation
   253 | D        | Noticed a deep troll
   361 | D        | Reached * piety under Sif Muna
   362 | D        | Reached skill level 5 in Dodging
   362 | D        | Reached skill level 5 in Conjurations
   362 | D        | Reached skill level 1 in Hexes
   362 | D        | Reached skill level 9 in Fire Magic
   362 | D        | Reached XP level 7. HP: 31/41 MP: 6/16
   364 | D        | Noticed a polar bear
   366 | D        | Noticed a hornet
   374 | D        | HP: 1/41 [hornet (14)]
   376 | D        | Killed a hornet
   376 | D        | Noticed a yaktaur
   387 | D        | Shot with a bolt by a yaktaur

Illustrated notes

Levels and vault maps discovered:
D:        the_violet_keep_of_menkaure [sprint2_stairs_cluster_1,
          sprint2_shoproom, sprint2_temple, sprint2_basic_supplies,
          sprint2_obstacle_4, sprint2_obstacle_3, sprint2_obstacle_1,
          sprint2_obstacle_7, sprint2_obstacle_2, sprint2_timed_cluster_1,
          sprint2_smallroom_cluster_1, sprint2_smallroom_final_cluster_1,
          sprint2_transparent_cluster_1, sprint2_second_timed_cluster_1,
          sprint2_sniper_area_1, sprint2_heavy_combat_area_1,
          sprint2_mutation_trap_area_1, sprint2_forest_area_1,
          sprint2_light_combat_area_1, sprint2_behind_water_1,
          sprint2_near_end_vault_1]

Skill      XL: |  1  2  3  4  5  6  7 |
---------------+----------------------+-----
Dodging        | 3 4 5 |  5.5
Stealth        | 4 5 |  5.2
Spellcasting   | 3 4 5 6 |  6.6
Fire Magic     | 6 7 8 9 |  9.4
Unarmed Combat | 1 2 |  2.2
Conjurations   | 2 3 5 |  5.8
Shields        | 2 3 |  3.8
Hexes          | 1 2 |  2.7
Earth Magic    | 2 3 |  3.9
Invocations    | 2 4 |  4.3

Action                     |  1- 3 |  4- 6 |  7- 9 || total
---------------------------+-------+-------+-------++-------
  Melee: Unarmed           |     8 |    10 |       ||    18
         Tentacles         |     2 |     4 |       ||     6
         Punch             |     1 |     1 |       ||     2
         Constrict         |     1 |     2 |       ||     3
         Spear             |       |       |     2 ||     2
   Cast: Foxfire           |     2 |     4 |       ||     6
         Scorch            |       |     2 |     4 ||     6
         Flame Wave        |       |     1 |       ||     1
    Use: Potion            |     2 |     3 |     6 ||    11
         Scroll            |       |     9 |     3 ||    12
 Armour: Skin              |     1 |    10 |     8 ||    19
  Dodge: Dodged            |     1 |     8 |     5 ||    14
  Block: Buckler           |       |       |     2 ||     2

Table legend: (Time is in decaauts)
 A = Elapsed time spent in this place.
 B = Non-inter-level travel time spent in this place.
 C = Inter-level travel time spent in this place.
 D = Time resting spent in this place.
 E = Time spent auto-exploring this place.
 F = Levels seen in this place.
 G = Mean time per level.
                   A        B        C        D        E       F      G
               +--------+--------+--------+--------+--------+-----+--------+
         Total |    393 |    393 |      0 |     92 |      0 |   1 |  393.0 |
       Dungeon |    393 |    393 |      0 |     92 |      0 |   1 |  393.0 |
               +--------+--------+--------+--------+--------+-----+--------+

Top non-repeatable levels by time:
       D: 393 daAuts
